 Dungeon Crawl Stone Soup version 0.16.0-17-g811c1d7 (console) character file.

19890 gw the Basher (level 12, -6/110 HPs)
             Began as a Deep Dwarf Fighter on Mar 21, 2015.
             Was the Champion of Zin.
             Mangled by an orc warrior
             ... wielding a +0 dire flail
             ... led by an orc warlord
              (7 damage)
             ... on level 4 of the Orcish Mines.
             The game lasted 00:28:35 (13997 turns).

gw the Basher (Deep Dwarf Fighter)                 Turns: 13997, Time: 00:28:35

Health: -6/110     AC: 19    Str: 25      XL:     12   Next: 40%
Magic:  0/1        EV:  7    Int: 12      God:    Zin [******]
Gold:   253        SH: 18    Dex: 17 (19) Spells: 0 memorised, 11 levels left

rFire  . . .     SeeInvis +     b - +0 morningstar
rCold  . . .     Clarity  .     a - +2 chain mail {rPois}
rNeg   . . .     SustAb   .     I - +0 large shield
rPois  ∞         Gourm    .     y - +2 helmet {Int+3}
rElec  .         Spirit   .     w - +0 cloak
rCorr  .         Warding  .     (no gloves)
rMut   .         Stasis   .     u - +0 pair of boots
MR     +....                    (no amulet)
Stlth  ..........               z - ring of see invisible
                                o - +2 ring of evasion

@: vitalised, short of breath, non-regenerating, somewhat resistant to hostile
enchantments, extremely unstealthy
A: damage resistance, recharge devices, agile 1, sense surroundings 2, slow
healing 3, strong 1
a: Device Recharging, Recite, Vitalisation, Imprison, Sanctuary, Cure All
Mutations, Renounce Religion


You were on level 4 of the Orcish Mines.
You worshipped Zin.
Zin was exalted by your worship.
You were not hungry.

You visited 3 branches of the dungeon, and saw 17 of its levels.

You collected 1540 gold pieces.
You donated 1287 gold pieces to Zin.

Inventory:

Hand weapons
 b - a +0 morningstar (weapon)
Missiles
 h - 3 needles of sleeping
 l - 334 stones
 n - 7 needles of confusion
 q - 24 poisoned needles
 D - 17 curare-tipped needles
 H - 19 tomahawks (quivered)
Armour
 a - a +2 chain mail of poison resistance (worn)
 u - a +0 pair of boots (worn)
 w - a +0 cloak (worn)
 y - a +2 helmet of intelligence (worn)
 I - a +0 large shield (worn)
Jewellery
 o - a +2 ring of evasion (left hand)
 z - a ring of see invisible (right hand)
Magical devices
 d - a wand of heal wounds (0)
 i - a wand of polymorph (16) {forbidden}
 t - a wand of slowing (5)
 x - a wand of fire (0)
 B - a wand of confusion (29)
 C - a wand of magic darts (14)
Scrolls
 j - 19 scrolls of identify
 s - 5 scrolls of remove curse
Potions
 e - 4 potions of curing
 m - a potion of lignification {forbidden}
 p - a potion of flight
Comestibles
 f - 11 bread rations
 g - 13 fruits
 r - 2 meat rations
 v - 4 beef jerkies
 A - 2 royal jellies
 J - 7 slices of pizza


   Skills:
 + Level 8.1 Fighting
 * Level 12.1 Maces & Flails
 + Level 7.9 Throwing
 + Level 9.5 Armour
 + Level 10.0 Shields
 + Level 3.1 Evocations


You had 11 spell levels left.
You didn't know any spells.

Dungeon Overview and Level Annotations

Branches:
Dungeon (12/15)            Temple (1/1) D:6            Lair (0/8) D:8
    Orc (4/4) D:12            Elf (0/3) Orc:4

Altars:
Ashenzari
Cheibriados
Dithmenos
Elyvilon
Fedhas
Gozag
Kikubaaqudgha
Makhleb
Nemelex Xobeh
Okawaru
Qazlal
Ru
Sif Muna
Trog
Vehumet
Xom
Yredelemnul
Zin
The Shining One
Beogh

Shops:
D:5 %   D:10 ?   Orc:4 !(

Annotations:
D:4 exclusion: downstairs


Innate Abilities, Weirdness & Mutations

You are resistant to damage.
You can recharge devices by infusing magical energy.
You passively map the area around you.
You do not heal naturally.
You are agile. (Dex +2)
Your muscles are strong. (Str +2)


Message History

Unknown command.
Unknown command.
Unknown command.
ATTACK MOVE TO (-1,0)
You barely miss the orc warlord.
The orc knight hits you from afar with a halberd!
You block the orc warrior's attack.
The orc warlord hits you with a war axe of flaming!!
The orc warlord burns you.
An orc comes into view. It is wielding a club.
Unknown command.
Unknown command.
Unknown command.
Unknown command.
ATTACK MOVE TO (-1,0)
You barely miss the orc warlord.
The orc shouts!
You block the orc warrior's attack. x2
The orc warrior hits you with a dire flail!
You die...

#...# *#.# # ##.###########
**...#### .# ###............##
*#.....##*... ##...##########.)#
#......##..# #..###, ,
##)#####........... ..##* , ,*
#.).##............ ..# , ,
####.(..#........... .## 8
###)##8.#...........#.... .# ,
,.o..oooogo8....#.......# .# ,
,.8..oooo).........%....# .#
...)o.o'.8............# .##,8*
##'##8.#.......#......# ..# * ,#.
####..........#...## ..## * * ,
#..........###.... #..### *,,
*##............###.#
##...##########...............##.
###...................#.#... #.


You could see an orc warlord, an orc knight (frenzied), 5 orc warriors, an orc
priest (frenzied) and 4 orcs.

Table legend:
 A = Turns spent in this place as a percentage of turns spent in the entire game.
 B = Non-inter-level travel turns spent in this place as a percentage of non-inter-level travel turns spent in the entire game.
 C = Inter-level travel turns spent in this place as a percentage of turns spent in this place.
 D = Turns resting spent in this place as a percentage of non-inter-level travel turns spent in this place.
 E = Turns spent auto-exploring this place as a percentage of non-inter-level travel turns spent in this place.
 F = Non-inter-level travel turns spent in this place divided by the number of levels of this place that you've seen.
                   A       B       C       D       E      F
               +-------+-------+-------+-------+-------+----------------------
         Total | 100.0 | 100.0 |   3.6 |   0.0 |   2.2 | 1775.1
       Dungeon |  81.4 |  80.7 |   4.4 |   0.1 |   2.2 | 2030.6
        Temple |   1.1 |   1.2 |   0.9 |   0.0 |   4.0 | 349.0
  Orcish Mines |  17.5 |  18.1 |   0.2 |   0.0 |   2.1 | 1365.0
               +-------+-------+-------+-------+-------+----------------------

Table legend:
 A = Kills in this place as a percentage of kills in entire the game.
 B = Kills by you in this place as a percentage of kills by you in the entire game.
 C = Kills by friends in this place as a percentage of kills by friends in the entire game.
 D = Other kills in this place as a percentage of other kills in the entire game.
 E = Experience gained in this place as a percentage of experience gained in the entire game.
 F = Experience gained in this place divided by the number of levels of this place that you have seen.
                   A       B       C       D       E      F
               +-------+-------+-------+-------+-------+----------------------
         Total | 100.0 | 100.0 |  -nan | 100.0 | 100.0 | 1671.5
       Dungeon |  71.8 |  72.1 |  -nan |   0.0 |  75.5 | 1788.8
  Orcish Mines |  28.2 |  27.9 |  -nan | 100.0 |  24.5 | 1737.5
               +-------+-------+-------+-------+-------+----------------------

Vanquished Creatures
  A centaur warrior (D:12)
  An orc high priest (Orc:4)
  Pikel (D:5)
  An ugly thing (D:12)
  3 hill giants (D:11)
  An orc knight (Orc:4)
  A gargoyle (D:10)
  A two-headed ogre (D:8)
  6 trolls
  Sonja (Orc:3)
  A trapdoor spider zombie (D:12)
  A wraith (D:11)
  2 hogs (D:7)
  A shadow (D:11)
  A human (D:7)
  6 yaks (D:9)
  2 wyverns
  Eustachio (D:7)
  Grum (D:8)
  A hungry ghost (D:11)
  2 wolves (D:8)
  A mottled dragon (D:12)
  Edmund (D:8)
  A hippogriff (D:12)
  2 vampire mosquitoes (D:12)
  Menkaure (D:5)
  3 wargs
  2 water moccasins
  A soldier ant (D:11)
  3 ice beasts
  23 orc warriors
  4 sky beasts
  4 phantoms
  2 black bears
  A centaur (D:8)
  A necrophage (D:6)
  15 ogres
  Sigmund (D:5)
  Duvessa (D:5)
  Blork the orc (D:7)
  8 giant frogs
  A big kobold (D:5)
  A jelly (D:12)
  A water moccasin skeleton (D:5)
  6 scorpions
  19 killer bees
  Dowan (D:5)
  2 goliath beetles (D:7)
  7 crimson imps
  2 giant frog zombies
  21 orc priests
  3 quasits
  5 iguanas
  4 centaur skeletons
  2 giant frog skeletons
  31 orc wizards
  8 worker ants
  Natasha (thrice) (D:3)
  7 hounds
  2 sheep (D:7)
  Ijyb (D:7)
  A killer bee zombie (D:9)
  2 hound zombies
  2 hound skeletons
  9 adders
  10 gnolls
  2 shadow imps
  A worm (D:2)
  146 orcs
  A bat skeleton (D:6)
  3 giant cockroaches
  11 hobgoblins
  22 jackals
  16 kobolds
  3 quokkas
  3 ball pythons
  16 bats
  3 giant geckos
  3 giant newts
  2 giant spores
  19 goblins
  A quokka zombie (D:4)
  18 rats
  3 ballistomycetes (D:12)
536 creatures vanquished.

Vanquished Creatures (others)
  An orc warrior (Orc:4)
  An orc wizard (Orc:4)
  An orc (D:5)
  5 jackals (D:5)
  A giant spore (D:11)
9 creatures vanquished.

Grand Total: 545 creatures vanquished

Notes
Turn   | Place    | Note
--------------------------------------------------------------
     0 | D:1      | gw, the Deep Dwarf Fighter, began the quest for the Orb.
     0 | D:1      | Reached XP level 1. HP: 20/20 MP: 1/1
   144 | D:1      | Reached XP level 2. HP: 27/27 MP: 2/2
   461 | D:1      | Reached skill level 1 in Throwing
   887 | D:2      | Found a sparkling altar of Nemelex Xobeh.
  1037 | D:2      | Reached XP level 3. HP: 30/33 MP: 3/3
  1107 | D:2      | Found an iron altar of Okawaru.
  1451 | D:3      | Reached skill level 1 in Evocations
  1454 | D:3      | Reached XP level 4. HP: 35/40 MP: 4/4
  1493 | D:3      | Noticed Natasha
  1498 | D:3      | Killed Natasha
  1498 | D:3      | Reached skill level 4 in Shields
  1634 | D:3      | Noticed Natasha
  1639 | D:3      | Killed Natasha
  1692 | D:3      | Found an opulent altar of Gozag.
  1789 | D:3      | Reached XP level 5. HP: 30/49 MP: 6/6
  2101 | D:3      | Noticed Natasha
  2109 | D:3      | Killed Natasha
  2550 | D:4      | Reached XP level 6. HP: 49/56 MP: 7/7
  2685 | D:4      | Noticed an ogre
  2865 | D:4      | Killed an ogre
  3017 | D:4      | Gained mutation: Your muscles are strong. (Str +2) [potion of mutation]
  3017 | D:4      | Gained mutation: You are agile. (Dex +2) [potion of mutation]
  3035 | D:5      | Entered Level 5 of the Dungeon
  3070 | D:5      | Reached XP level 7. HP: 39/62 MP: 8/8
  3094 | D:5      | Noticed Menkaure
  3112 | D:5      | Killed Menkaure
  3112 | D:5      | Reached skill level 5 in Maces & Flails
  3113 | D:5      | Reached skill level 5 in Shields
  3203 | D:5      | Found Cucwiac's Food Boutique.
  3260 | D:5      | Noticed Duvessa
  3261 | D:5      | Noticed Dowan
  3263 | D:5      | Noticed Pikel
  3431 | D:5      | Killed Duvessa
  3438 | D:5      | Killed Dowan
  3460 | D:5      | Noticed Sigmund
  3471 | D:5      | Killed Sigmund
  3474 | D:5      | Reached XP level 8. HP: 49/72 MP: 10/10
  3543 | D:5      | Reached skill level 6 in Maces & Flails
  3560 | D:5      | Reached skill level 5 in Armour
  3878 | D:5      | Killed Pikel
  3878 | D:5      | Reached skill level 7 in Maces & Flails
  4269 | D:6      | Gained mutation: You passively map the area around you. [level up]
  4269 | D:6      | Reached XP level 9. HP: 55/80 MP: 10/10
  4303 | D:6      | Reached skill level 5 in Fighting
  4432 | D:6      | Found a staircase to the Ecumenical Temple.
  4443 | D:6      | Found a shimmering altar of Xom.
  4492 | Temple   | Entered the Ecumenical Temple
  4503 | Temple   | Became a worshipper of Zin the Law-Giver
  4503 | Temple   | Acquired Zin's first power
  5034 | D:7      | Noticed Ijyb
  5054 | D:7      | Killed Ijyb
  5158 | D:7      | Noticed Eustachio
  5186 | D:7      | Killed Eustachio
  5192 | D:7      | Noticed Blork the orc
  5198 | D:7      | Killed Blork the orc
  5198 | D:7      | Reached skill level 8 in Maces & Flails
  5216 | D:7      | Acquired Zin's second power
  5393 | D:7      | Found a snail-covered altar of Cheibriados.
  5544 | D:7      | Found a shimmering altar of Xom.
  5544 | D:7      | Found a shimmering altar of Xom.
  5545 | D:7      | Found a shimmering altar of Xom.
  5585 | D:7      | Reached skill level 5 in Throwing
  5701 | D:7      | Found a bloodstained altar of Trog.
  6060 | D:7      | Reached skill level 9 in Maces & Flails
  6060 | D:7      | Reached XP level 10. HP: 51/91 MP: 10/10
  6182 | D:8      | Noticed Grum
  6212 | D:8      | Killed Grum
  6280 | D:8      | Found a staircase to the Lair.
  6911 | D:8      | Noticed Edmund
  6933 | D:8      | Killed Edmund
  7880 | D:9      | Reached skill level 10 in Maces & Flails
  7901 | D:9      | Found a sacrificial altar of Ru.
  7952 | D:9      | Found a glowing golden altar of the Shining One.
  8265 | D:9      | Reached XP level 11. HP: 49/99 MP: 8/8
  8433 | D:9      | Acquired Zin's third power
  8481 | D:10     | Entered Level 10 of the Dungeon
  8840 | D:10     | Found Iheuf's Magic Scroll Emporium.
  9424 | D:11     | Found a labyrinth entrance.
  9582 | D:11     | Noticed a hill giant
  9595 | D:11     | Killed a hill giant
  9605 | D:11     | Noticed a hill giant
  9613 | D:11     | Killed a hill giant
  9827 | Temple   | Donated 278 gold pieces to Zin
  9828 | Temple   | Donated 139 gold pieces to Zin
  9829 | Temple   | Donated 69 gold pieces to Zin
  9830 | Temple   | Donated 35 gold pieces to Zin
  9830 | Temple   | Donated 17 gold pieces to Zin
 10131 | D:11     | Reached skill level 11 in Maces & Flails
 10159 | D:11     | Found a shadowy altar of Dithmenos.
 10173 | D:11     | Noticed a hill giant
 10196 | D:11     | Killed a hill giant
 10978 | D:12     | Noticed a centaur warrior
 10986 | D:12     | Killed a centaur warrior
 11566 | D:12     | Found a staircase to the Orcish Mines.
 11575 | Orc:1    | Entered Level 1 of the Orcish Mines
 11671 | Orc:2    | Reached XP level 12. HP: 63/110 MP: 5/5
 11784 | Orc:2    | Acquired Zin's fourth power
 12661 | Orc:3    | Noticed Sonja
 12729 | Orc:3    | Killed Sonja
 12876 | Orc:4    | Entered Level 4 of the Orcish Mines
 13126 | Temple   | Donated 307 gold pieces to Zin
 13127 | Temple   | Donated 154 gold pieces to Zin
 13128 | Temple   | Donated 77 gold pieces to Zin
 13129 | Temple   | Donated 38 gold pieces to Zin
 13129 | Temple   | Donated 19 gold pieces to Zin
 13378 | Orc:4    | Found a staircase to the Elven Halls.
 13524 | Orc:4    | Found a roughly hewn altar of Beogh.
 13578 | Orc:4    | Found a roughly hewn altar of Beogh.
 13618 | Orc:4    | Found Odocuiju's Distillery.
 13702 | Orc:4    | Reached skill level 12 in Maces & Flails
 13830 | Orc:4    | Found a roughly hewn altar of Beogh.
 13845 | Orc:4    | Found Lumiaboo's Weapon Shop.
 13973 | Orc:4    | Noticed an orc warlord
 13994 | Orc:4    | Reached skill level 10 in Shields
 13996 | Orc:4    | HP: 5/110 [orc warlord/war axe of flaming (18)]
 13996 | Orc:4    | HP: 1/110 [orc warlord/war axe of flaming (4)]
 13997 | Orc:4    | Mangled by an orc warrior

Action                   |  1- 3 |  4- 6 |  7- 9 | 10-12 || total
-------------------------+-------+-------+-------+-------++-------
Melee: Flail             |    66 |   150 |   330 |   439 ||   985
       Morningstar       |       |       |       |   418 ||   418
Throw: Stone             |    27 |     2 |    43 |    26 ||    98
       Tomahawk          |    23 |    48 |   138 |   273 ||   482
Invok: Vitalisation      |       |       |     2 |    11 ||    13
       Recite            |       |       |     1 |    15 ||    16
       Imprison          |       |       |       |     2 ||     2
 Abil: Device Recharging |       |       |     2 |    15 ||    17
Evoke: Wand              |       |       |    15 |    60 ||    75
  Use: Scroll            |     4 |     2 |     9 |     8 ||    23
       Potion            |     4 |     9 |     2 |     5 ||    20
 Stab: Invisible         |       |       |       |     3 ||     3
       Paralysed         |       |       |       |     1 ||     1
  Eat: Chunk             |     1 |     7 |    10 |    17 ||    35
       Bread ration      |       |       |       |     2 ||     2

Vault maps used:
D:1:      dpeg_arrival_orchard, serial_glass, glass_columns_a, glass_columns_a
D:2:      okawaru_gym_becter, first_bread, nemelex_deck
D:3:      grunt_gozag_breadcrumbs, uniq_natasha
D:5:      serial_shops, shop, lexackson_kobold_supper, uniq_pikel,
          uniq_menkaure, uniq_sigmund, uniq_duvessa
D:6:      minmay_temple_entry_statues_fountains, basic_altar
D:7:      lemuel_crystal_altar, xom_redecorated, grunt_livestock,
          cheibriados_altar_1, uniq_iyjb, uniq_eustachio, uniq_blork_the_orc
D:8:      lair_0_dummy, uniq_grum, uniq_edmund
D:9:      nicolae_tso_carved_into_rock, nicolae_ru_sacrificial_ziggurat,
          serial_park
D:10:     serial_shops, shop
D:11:     lab_entry_generic, grunt_dithmenos_smoke
D:12:     orc_0_dummy
Temple:   nicolae_temple_god_jail
Orc:1:    serial_shops, shop, abandoned_shop, uniq_psyche
Orc:3:    nicolae_orc_pool_cavern, uniq_sonja
Orc:4:    grunt_orc_community_town_hall, grunt_orc_community_big_house_2,
          grunt_orc_community_big_house_1, grunt_orc_community_house_3,
          grunt_orc_community_house_1, grunt_orc_community_house_3,
          grunt_orc_community_house_3, grunt_orc_community_house_1,
          serial_shops, shop, sword_in_stone
